 Dungeon Crawl Stone Soup version 0.24-a0-584-g9d6b971ae4 (webtiles) character file.

Game seed: 3530986015874281218, levelgen mode: deterministic

114 Kavrick the Poker (level 4, 0/35 HPs)
             Began as a Demonspawn Monk on Aug 30, 2019.
             Slain by a worker ant (3 damage)
             ... on level 3 of the Dungeon.
             The game lasted 00:04:13 (3016 turns).

Kavrick the Poker (Demonspawn Monk)                 Turns: 3016, Time: 00:04:14

Health: 0/35       AC:  5    Str: 13    XL:     4   Next: 66%
Magic:  4/4        EV: 14    Int: 11    God:
Gold:   167        SH:  0    Dex: 15    Spells: 3/3 levels left

rFire    . . .     SeeInvis .   a - +0 spear
rCold    . . .     Gourm    .   (no shield)
rNeg     . . .     Faith    .   m - +0 ring mail
rPois    .         Spirit   .   o - +0 hat
rElec    .         Reflect  .   (no cloak)
rCorr    .         Harm     .   (no gloves)
MR       .....                  (no boots)
Stlth    +.........             (no amulet)
HPRegen  0.11/turn              (no ring)
MPRegen  0.09/turn              (no ring)

@: no status effects
A: repulsion field 1, powered by pain 1
a: no special abilities


You were on level 3 of the Dungeon.
You were not hungry.

You visited 1 branch of the dungeon, and saw 4 of its levels.

You collected 167 gold pieces.

Inventory:

Hand Weapons
 a - a +0 spear (weapon)
Missiles
 p - 9 boomerangs (quivered)
Armour
 b - a +0 robe
 m - a +0 ring mail (worn)
 o - a +0 hat (worn)
Jewellery
 n - an uncursed amulet of the acrobat {unknown}
Scrolls
 e - 4 scrolls of teleportation {unknown}
 h - 10 scrolls of identify {unknown}
 k - a scroll of blinking {unknown}
 l - a scroll of remove curse {unknown}
 r - 2 scrolls of enchant weapon {unknown}
 s - a scroll of random uselessness {unknown}
 t - a scroll of enchant armour {unknown}
Potions
 f - 2 potions of berserk rage {unknown}
 g - a potion of curing
 i - a potion of haste {unknown}
 j - 2 potions of cancellation {unknown}
 q - a potion of heal wounds {unknown}
Comestibles
 c - 2 rations
 d - 3 chunks of flesh


   Skills:
 + Level 3.4 Fighting
 * Level 3.6 Polearms
 + Level 1.2 Throwing
 + Level 1.3 Armour
 + Level 3.2 Dodging
 - Level 1.7 Stealth


You had 3 spell levels left.
You didn't know any spells.
Your spell library was empty.

Dungeon Overview and Level Annotations

Branches:
Dungeon (4/15)
 Temple: D:4-7

Altars:
The Shining One


Innate Abilities, Weirdness & Mutations

You are surrounded by a mild repulsion field. (EV +2)
You sometimes gain a little power by taking damage.


Message History

Press: ? - help, Dir - move target cursor, f/p - worker ant
Aim: a worker ant (moderately wounded)
You hit the worker ant.
The worker ant is severely wounded.
The worker ant bites you.
* * * LOW HITPOINT WARNING * * *
Attack whom?
Press: ? - help, Dir - move target cursor, f/p - worker ant
Aim: a worker ant (severely wounded)
You hit the worker ant but do no damage.
The worker ant is severely wounded.
The worker ant misses you.
Attack whom?
Press: ? - help, Dir - move target cursor, f/p - worker ant
Aim: a worker ant (severely wounded)
You hit the worker ant.
The worker ant is almost dead.
The worker ant waves its antennae.
The worker ant bites you.
You die...

......##.# #...# ########.#
########.# #...# #># .....# #.#
#...# #.# ####.# #.# #...#
######.# ####.# #.#
#...######....... ..##.###.#
##.##...##.....## #........#
#....)........#
[....###############a...##.....#
###########.....@a.#.#.###.....#
#..........###...#.# ###.###
#.##.##.##.# #####.#####.####
#.##.##.##.# #.....##...)...#
#.##....##.# #.######.##)##.#
#.##.##.##.###.### #.##.##.#
#.##.......#.....# #.##.<#.#
#.......####.....# #.###.#.#
###...### #.....# #.###.#.#


You could see a worker ant.

Vanquished Creatures
  3 adders
  An ooze (D:3)
  2 worms (D:3)
  2 dart slugs
  2 leopard geckos (D:3)
  2 orcs (D:3)
  9 bats
  A giant cockroach (D:1)
  8 goblins
  10 hobgoblins
  2 jackals (D:2)
  A quokka (D:3)
  A ball python (D:3)
  3 frilled lizards
  10 kobolds
  9 rats
66 creatures vanquished.

Notes
Turn   | Place    | Note
-------+----------+-------------------------------------------
     0 | D:1      | Kavrick the Demonspawn Monk began the quest for the Orb.
     0 | D:1      | Reached XP level 1. HP: 18/18 MP: 1/1
   141 | D:1      | Gained mutation: You are surrounded by a mild repulsion
                  | field. (EV +2) [demonic ancestry]
   141 | D:1      | Reached XP level 2. HP: 20/24 MP: 2/2
   423 | D:1      | Found a glowing golden altar of the Shining One.
   990 | D:2      | Gained mutation: You sometimes gain a little power by
                  | taking damage. [demonic ancestry]
   990 | D:2      | Reached XP level 3. HP: 29/29 MP: 3/3
  1469 | D:2      | Reached skill level 1 in Armour
  1484 | D:2      | Reached skill level 1 in Throwing
  2198 | D:3      | Reached XP level 4. HP: 35/35 MP: 4/4
  3016 | D:3      | Slain by a worker ant

Levels and vault maps discovered:
D:1:      lemuel_arrival_funnel, layout_loops_ring, minmay_hedge_maze,
          tso_metal_star
D:2:      layout_basic
D:3:      layout_loops_cross
D:4:      layout_rooms, gammafunk_temple_overflow_forgotten, first_ration,
          serial_shops, kennysheep_mini_moat, kennysheep_generic_room_9

Skill      XL: |  1  2  3 |
---------------+----------+-----
Polearms       | 3 |  3.6
Dodging        | 3 |  3.2
Armour         | 1 |  1.3
Throwing       | 1 |  1.2
Fighting       | |  3.4
Stealth        | |  1.7

Action                   |  1- 3 |  4- 6 || total
-------------------------+-------+-------++-------
Melee: Spear             |   224 |    94 ||   318
  Use: Potion            |       |     1 ||     1
 Stab: Sleeping          |     6 |     2 ||     8
  Eat: Chunk             |     4 |     3 ||     7
Armor: Robe              |     6 |       ||     6
       Ring mail         |    24 |    16 ||    40
Dodge: Dodged            |   101 |    61 ||   162

Table legend:
 A = Non-vault XP
 B = Vault XP
 C = Vault XP percentage of total XP
 D = Non-vault monster count
 E = Vault monster count
 F = Vault count percentage of total count
                 A         B        C        D         E       F
            +---------+---------+-------+---------+---------+-------
      Total |     163 |       0 |   0.0 |      66 |       0 |   0.0
            +---------+---------+-------+---------+---------+-------
        D:1 |      31 |       0 |   0.0 |      19 |       0 |   0.0
        D:2 |      52 |       0 |   0.0 |      23 |       0 |   0.0
        D:3 |      80 |       0 |   0.0 |      24 |       0 |   0.0
            +---------+---------+-------+---------+---------+-------
